 Dungeon Sprint DCSS version 0.15-a0-2075-ga361405 (webtiles) character file.

34935 BluebellGnoll the Sorcerer (level 13, -6/60 HPs)
             Began as a Spriggan Enchanter on July 14, 2014.
             Was the Champion of Sif Muna.
             Mangled by a tentacled monstrosity (9 damage)
             ... in the Dungeon (Sprint IX: "|||||||||||||||||||||||||||||").
             The game lasted 01:20:10 (7519 turns).

BluebellGnoll the Sorcerer (Spriggan Enchanter)     Turns: 7519, Time: 01:20:12

HP  -6/60        AC  6     Str  4      XL: 13   Next: 44%
MP   4/42        EV 39     Int 24      God: Sif Muna [******]
Gold 732         SH  0     Dex 17      Spells: 14 memorised,  8 levels left

rFire  . . .     SeeInvis +     L - +9 quick blade
rCold  . . .     Clarity  .     b - +1 robe
rNeg   . . .     rCorr    .     (shield restricted)
rPois  +         rRot     .     (helmet restricted)
rElec  .         Spirit   .     U - +2 cloak {rPois}
SustAb .         Warding  .     (gloves unavailable)
rMut   .         NoTele   +     (boots unavailable)
Gourm  .                        (no amulet)
MR     +++..                    K - ring of protection from magic
                                o - +3 ring of intelligence

@: bonded with blade, phasing (expiring), very slightly contaminated, hasted,
constricted, deflect missiles, very quick, extremely resistant to hostile
enchantments, incredibly stealthy
A: unfitting armour, see invisible, herbivore 3, speed 3, slow metabolism 2
a: Channel Energy, Forget Spell, Renounce Religion


You were in the Dungeon.
You worshipped Sif Muna.
Sif Muna was exalted by your worship.
You were very full.

You visited 1 branch You collected 1932 gold pieces.
You spent 1200 gold pieces at shops.

Inventory:

Hand weapons
 n - a +2 cutlass of venom
 L - a +9 quick blade (weapon)
 T - a +4 cutlass of electrocution
Missiles
 S - 7 tomahawks (quivered)
Armour
 b - a +1 robe (worn)
 U - a +2 cloak of poison resistance (worn)
Magical devices
 m - a wand of fire (2)
 s - a wand of lightning (0)
Comestibles
 x - 25 fruits
 z - 12 bread rations
Scrolls
 k - 3 scrolls of remove curse
 l - 2 scrolls of amnesia
 t - 4 scrolls of fear
 P - a scroll of enchant armour
Jewellery
 o - a +3 ring of intelligence (left hand)
 p - a +3 ring of strength
 H - an uncursed ring of protection from cold
 I - an uncursed ring of ice
 J - an uncursed ring of poison resistance
 K - a ring of protection from magic (right hand)
Potions
 e - 5 potions of curing
 f - 7 potions of heal wounds
 g - 4 potions of haste
 h - 4 potions of magic
 i - a potion of invisibility
 r - a potion of brilliance
 w - a potion of resistance
 M - a potion of restore abilities
 N - a potion of might
Books
 j - Sif Muna's Handbook of Augmentations
   (Sif Muna gifted it to you in the Dungeon)

   Spells                             Type                      Level
   Repel Missiles                     Charms/Air                   2
   Ozocubu's Armour                   Charms/Ice                   3
   *Regeneration                      Charms/Necromancy            3
   Spectral Weapon                    Hexes/Charms                 3
   Control Teleport                   Charms/Translocation         4
   Iskenderun's Battlesphere          Conjuration/Charms           5
 q - a book of Enchantments

   Spells                             Type                      Level
   Tukima's Dance                     Hexes                        3
   *Cause Fear                        Hexes                        4
   Silence                            Hexes/Air                    5
   Deflect Missiles                   Charms/Air                   6
   *Haste                             Charms                       6
   *Discord                           Hexes                        8
 y - Sif Muna's Volume of Enchantment
   (Sif Muna gifted it to you in the Dungeon)

   Spells                             Type                      Level
   Tukima's Dance                     Hexes                        3
   Spectral Weapon                    Hexes/Charms                 3
   Fulminant Prism                    Conjuration/Hexes            4
   *Enslavement                       Hexes                        4
   Mass Confusion                     Hexes                        6
 A - a book of Air

   Spells                             Type                      Level
   Shock                              Conjuration/Air              1
   Swiftness                          Charms/Air                   2
   Repel Missiles                     Charms/Air                   2
   Flight                             Charms/Air                   3
   Static Discharge                   Conjuration/Air              3
   Lightning Bolt                     Conjuration/Air              5
 O - Sif Muna's Almanac of Execration
   (Sif Muna gifted it to you in the Dungeon)

   Spells                             Type                      Level
   *Corona                            Hexes                        1
   Tukima's Dance                     Hexes                        3
   Inner Flame                        Hexes/Fire                   3
   *Discord                           Hexes                        8
 Q - a book of the Warp

   Spells                             Type                      Level
   Control Teleport                   Charms/Translocation         4
   *Phase Shift                       Translocation                5
   Warp Weapon                        Charms/Translocation         5
   Dispersal                          Translocation                6
   Controlled Blink                   Translocation                7
   Disjunction                        Translocation                8
Miscellaneous
 C - a fan of gales
 D - a disc of storms
 E - a sack of spiders
 F - a fan of gales


   Skills:
 - Level 3.2 Fighting
 - Level 9.9 Short Blades
 - Level 15.8 Dodging
 * Level 21.3 Stealth
 + Level 24.6 Spellcasting
 - Level 18.4 Hexes
 - Level 12.4 Charms
 * Level 9.8 Translocations


You had 8 spell levels left.
You knew the following spells:

 Your Spells              Type           Power        Failure   Level  Hunger
a - Corona                Hex            #######      0%          1    None
b - Ensorcelled Hibernat  Hex/Ice        ######       1%          2    None
c - Confuse               Hex            #######.     0%          3    None
d - Sure Blade            Hex/Chrm       #######...   0%          2    None
e - Dazzling Spray        Conj/Hex       ######..     1%          3    None
f - Enslavement           Hex            #######.     0%          4    None
g - Cause Fear            Hex            #######...   0%          4    None
h - Phase Shift           Tloc           ######....   1%          5    None
i - Metabolic Englaciati  Hex/Ice        ######....   1%          5    None
j - Shroud of Golubria    Chrm/Tloc      ######....   1%          2    None
k - Haste                 Chrm           ######..     1%          6    None
l - Discord               Hex            #######...   4%          8    #####..
m - Summon Mana Viper     Hex/Summ       ######..     1%          5    None
n - Regeneration          Chrm/Necr      ######....   1%          3    None


Dungeon Overview and Level Annotations

Branches:
Dungeon (1/1)

Altars:
Cheibriados
Dithmenos
Elyvilon
Fedhas
Gozag
Kikubaaqudgha
Makhleb
Nemelex Xobeh
Okawaru
Qazlal
Sif Muna
Trog
Vehumet
Xom
Yredelemnul
Zin
The Shining One
Beogh
Jiyva
Lugonu

Shops:
D [((}

Annotations:
D Mennas


Innate Abilities, Weirdness & Mutations

You are tiny and cannot use many weapons and most armour.
You have supernaturally acute eyesight.
You are a herbivore.
You cover ground extremely quickly.
You need consume almost no food.


Message History

The tentacled monstrosity tentacle-slaps you but does no damage.
The tentacled monstrosity completely misses you.
You momentarily phase out as the tentacled monstrosity's attack passes through you.
The tentacled monstrosity constricts you!
You hit the tentacled monstrosity.
The tentacled monstrosity is severely wounded.
You hit the tentacled monstrosity.
The tentacled monstrosity is severely wounded.
You hit the tentacled monstrosity.
The tentacled monstrosity is severely wounded.
You hit the tentacled monstrosity.
The tentacled monstrosity is almost dead.
You hit the tentacled monstrosity but do no damage.
The tentacled monstrosity is almost dead.
The tentacled monstrosity tentacle-slaps you.
* * * LOW HITPOINT WARNING * * *
The tentacled monstrosity tentacle-slaps you!
* * * LOW HITPOINT WARNING * * *
You momentarily phase out as the tentacled monstrosity's attack passes through you.
You die...

[.[.....+[[[..[..[.[.')[[).∩.∩.∩.
▓▓▓▓▓▓▓▓▓▓▓▓▓▓▓▓▓▓▓▓▓▓▓▓▓▓▓▓▓▓▓▓▓
..............[..................
▓▓▓▓▓▓▓▓▓▓▓▓▓▓▓▓▓▓▓▓▓▓▓▓▓▓▓▓▓▓▓▓▓
)))).[[[[[[[[...)......'(......(.
▓▓▓▓▓▓▓▓▓▓▓▓▓▓▓▓▓▓▓▓▓▓▓▓▓▓▓▓▓▓▓▓▓
.................................
▓▓▓▓▓▓♣♣♣♣♣♣♣♣♣♣▓▓▓▓▓▓▓▓▓▓▓▓▓▓▓▓▓
..)...'...).....@X........'......
▓▓▓▓▓▓♣♣♣♣♣♣♣♣♣♣▓▓▓▓▓▓▓▓▓▓▓▓▓▓▓▓▓
........................[........
▓▓▓▓▓▓▓▓▓▓▓▓▓▓▓▓▓▓▓▓▓▓▓▓▓▓▓▓▓▓▓▓▓
(.)..)XcCX ▓▓▓▓▓▓▓▓▓▓


You could see a tentacled monstrosity.

Vanquished Creatures
  Nikola (D)
  3 rakshasas (D)
  A stone giant (D)
  2 hydras (D)
  An anaconda (D)
  9 death yaks (D)
  A deep troll shaman (D)
  An ogre mage (D)
  A catoblepas (D)
  7 orc high priests (D)
  2 sea snakes (D)
  A salamander (D)
  11 orc knights (D)
  A hill giant (D)
  A harpy (D)
  2 manticores (D)
  A cyclops (D)
  3 black mambas (D)
  An octopode (shapeshifter) (D)
  A red wasp (D)
  Maurice (D)
  A yaktaur (D)
  A demonic crawler (D)
  2 jumping spiders (D)
  A troll (D)
  A blink frog (D)
  A basilisk (D)
  2 hippogriffs (D)
  3 ugly things (D)
  A wolf (D)
  4 water moccasins (D)
  A porcupine (D)
  A black bear (D)
  A yellow wasp (D)
  9 orc warriors (D)
  A centaur (D)
  4 giant frogs (D)
  A scorpion (D)
  2 orc priests (D)
  A hound (D)
  An iguana (D)
  4 orc wizards (D)
  A worker ant (D)
  An adder (D)
  6 orcs (D)
  2 goblins (D)
  A hobgoblin (D)
  3 kobolds (D)
  A bat (D)
  A giant spore (D)
  A kobold skeleton (D)
  A rat (D)
113 creatures vanquished.

Vanquished Creatures (collateral kills)
  A tentacled monstrosity (D)
  A frost giant (D)
  2 yaktaur captains (D)
  A hydra (D)
  A shambling mangrove (D)
  A harpy (D)
  A spriggan (D)
  A swamp dragon (D)
  A giant orange brain (D)
  A mana viper (D)
  2 water nymphs (D)
  2 manticores (D)
  A naga mage (D)
  A demonic crawler (D)
  A tengu conjurer (D)
  A yaktaur (D)
  A jumping spider (shapeshifter) (D)
  3 ravens (D)
  An air elemental (D)
  A shadow (D)
  A trapdoor spider (shapeshifter) (D)
  A redback (D)
  A snapping turtle (D)
  A tarantella (D)
  A wyvern (D)
  A naga (D)
  A water moccasin (D)
  A yellow wasp (D)
33 creatures vanquished.

Vanquished Creatures (others)
  A fire giant (D)
  An ice dragon (D)
  A centaur warrior (D)
  A naga sharpshooter (D)
  5 mana vipers (D)
  A gargoyle (D)
  A trapdoor spider (D)
  A deep elf mage (D)
  A water moccasin (D)
  A naga (D)
14 creatures vanquished.

Grand Total: 160 creatures vanquished

Notes
Turn   | Place    | Note
--------------------------------------------------------------
     0 | D        | BluebellGnoll, the Spriggan Enchanter, began the quest for the Orb.
     0 | D        | Reached XP level 1. HP: 9/9 MP: 4/4
    15 | D        | Reached skill level 5 in Stealth
    22 | D        | Reached skill level 6 in Stealth
    34 | D        | Reached skill level 7 in Stealth
   139 | D        | Noticed a scorpion
   139 | D        | Noticed a worker ant
   139 | D        | Noticed an iguana
   141 | D        | Killed a scorpion
   141 | D        | Reached skill level 11 in Stealth
   141 | D        | Reached XP level 2. HP: 11/13 MP: 7/7
   141 | D        | Reached XP level 3. HP: 13/16 MP: 9/9
   147 | D        | Learned a level 2 spell: Ensorcelled Hibernation
   151 | D        | Learned a level 3 spell: Confuse
   236 | D        | Killed a worker ant
   236 | D        | Reached skill level 12 in Stealth
   236 | D        | Reached XP level 4. HP: 21/21 MP: 2/12
   240 | D        | Killed an iguana
   240 | D        | Reached skill level 13 in Stealth
   258 | D        | Found a glowing silver altar of Zin.
   258 | D        | Found a glowing golden altar of the Shining One.
   258 | D        | Found an ancient bone altar of Kikubaaqudgha.
   258 | D        | Found a basalt altar of Yredelemnul.
   258 | D        | Found a shimmering altar of Xom.
   258 | D        | Found a radiant altar of Vehumet.
   258 | D        | Found an iron altar of Okawaru.
   259 | D        | Found a burning altar of Makhleb.
   260 | D        | Found a deep blue altar of Sif Muna.
   261 | D        | Found a bloodstained altar of Trog.
   262 | D        | Found a sparkling altar of Nemelex Xobeh.
   263 | D        | Found a white marble altar of Elyvilon.
   264 | D        | Found a roughly hewn altar of Beogh.
   265 | D        | Found a viscous altar of Jiyva.
   266 | D        | Found a corrupted altar of Lugonu.
   267 | D        | Found a blossoming altar of Fedhas.
   268 | D        | Found a snail-covered altar of Cheibriados.
   269 | D        | Found a shadowy altar of Dithmenos.
   271 | D        | Became a worshipper of Sif Muna the Loreminder
   273 | D        | Found a stormy altar of Qazlal.
   274 | D        | Found an opulent altar of Gozag.
   310 | D        | Learned a level 2 spell: Sure Blade
   380 | D        | Noticed a hound
   380 | D        | Noticed a black bear
   380 | D        | Noticed a deep elf mage
   383 | D        | Killed a hound
   384 | D        | Killed a black bear
   384 | D        | Acquired Sif Muna's first power
   384 | D        | Acquired Sif Muna's second power
   384 | D        | Reached XP level 5. HP: 24/24 MP: 12/21
   384 | D        | Killed a deep elf mage
   384 | D        | Reached XP level 6. HP: 28/28 MP: 12/24
   426 | D        | Learned a level 3 spell: Dazzling Spray
   431 | D        | Learned a level 4 spell: Enslavement
   453 | D        | Noticed a manticore
   453 | D        | Noticed a five-headed hydra
   453 | D        | Noticed a cyclops
   453 | D        | Noticed a troll
   453 | D        | Noticed a hill giant
   453 | D        | Noticed a purple ugly thing
   459 | D        | Killed a five-headed hydra
   459 | D        | Acquired Sif Muna's third power
   459 | D        | Reached skill level 5 in Short Blades
   459 | D        | Reached XP level 7. HP: 32/32 MP: 21/29
   483 | D        | Killed a cyclops
   492 | D        | Killed a manticore
   492 | D        | Reached XP level 8. HP: 36/36 MP: 27/31
   495 | D        | Killed a troll
   504 | D        | Killed a hill giant
   504 | D        | Received a gift from Sif Muna
   504 | D        | Reached skill level 10 in Dodging
   504 | D        | Reached skill level 14 in Spellcasting
   512 | D        | Killed a purple ugly thing
   543 | D        | Learned a level 4 spell: Cause Fear
   683 | D        | Noticed a giant frog
   683 | D        | Noticed a hippogriff
   683 | D        | Noticed a wolf
   683 | D        | Noticed a water moccasin
   683 | D        | Noticed a black mamba
   683 | D        | Noticed a water moccasin
   683 | D        | Noticed a porcupine
   692 | D        | Killed a giant frog
   692 | D        | Reached XP level 9. HP: 39/39 MP: 29/33
   695 | D        | Killed a hippogriff
   943 | D        | Killed a wolf
   943 | D        | Reached skill level 10 in Hexes
   953 | D        | Killed a black mamba
   961 | D        | Killed a water moccasin
   972 | D        | Killed a water moccasin
   977 | D        | Killed a porcupine
   979 | D        | Noticed a blink frog
   984 | D        | Killed a blink frog
   988 | D        | Noticed a basilisk
   996 | D        | Killed a basilisk
   996 | D        | Received a gift from Sif Muna
   997 | D        | Identified Sif Muna's Grimoire of Enchantment (Sif Muna gifted it to you in the Dungeon)
  1007 | D        | Learned a level 6 spell: Mass Confusion
  1008 | D        | Noticed a death yak
  1008 | D        | Noticed a water moccasin
  1008 | D        | Noticed a death yak
  1008 | D        | Noticed a water moccasin
  1008 | D        | Noticed a giant frog
  1008 | D        | Noticed a giant frog
  1016 | D        | Killed a water moccasin
  1047 | D        | Killed a death yak
  1047 | D        | Reached skill level 15 in Spellcasting
  1048 | D        | Killed a water moccasin
  1345 | D        | Killed a giant frog
  1354 | D        | Killed a death yak
  1354 | D        | Reached skill level 15 in Stealth
  1354 | D        | Reached skill level 16 in Spellcasting
  1354 | D        | Reached XP level 10. HP: 9/44 MP: 16/35
  1357 | D        | Killed a giant frog
  1555 | D        | Noticed a hippogriff
  1556 | D        | Noticed a giant frog
  1563 | D        | Killed a hippogriff
  1579 | D        | Killed a giant frog
  1595 | D        | Noticed a death yak
  1595 | D        | Noticed a death yak
  1595 | D        | Noticed a death yak
  1595 | D        | Noticed a death yak
  1595 | D        | Noticed a death yak
  1595 | D        | Noticed a death yak
  1595 | D        | Noticed a death yak
  1596 | D        | Noticed a catoblepas
  1597 | D        | Killed a death yak
  1955 | D        | HP: 1/44 [death yak (26)]
  2477 | D        | Killed a death yak
  2477 | D        | Reached skill level 17 in Stealth
  2477 | D        | Reached skill level 5 in Charms
  2499 | D        | Killed a death yak
  2499 | D        | Received a gift from Sif Muna
  2500 | D        | Identified Sif Muna's Collected Works on Aerial Enhancements (Sif Muna gifted it to you in the Dungeon)
  2508 | D        | Learned a level 2 spell: Repel Missiles
  2511 | D        | Learned a level 2 spell: Shroud of Golubria
  2795 | D        | Killed a death yak
  2795 | D        | Reached skill level 18 in Stealth
  2805 | D        | Killed a death yak
  2805 | D        | Reached skill level 15 in Hexes
  2832 | D        | Killed a death yak
  2832 | D        | Reached XP level 11. HP: 27/47 MP: 29/36
  2852 | D        | Killed a death yak
  2852 | D        | Received a gift from Sif Muna
  2964 | D        | Learned a level 6 spell: Haste
  3072 | D        | Killed a catoblepas
  3072 | D        | Reached skill level 19 in Stealth
  3223 | D        | Noticed an orc wizard
  3223 | D        | Noticed an orc priest
  3223 | D        | Noticed an orc knight
  3224 | D        | Noticed an orc wizard
  3225 | D        | Killed an orc wizard
  3226 | D        | Noticed an orc wizard
  3229 | D        | Noticed an orc wizard
  3234 | D        | Noticed an orc knight
  3236 | D        | Killed an orc wizard
  3236 | D        | Killed an orc wizard
  3238 | D        | Killed an orc priest
  3243 | D        | Killed an orc knight
  3245 | D        | Noticed an orc priest
  3246 | D        | Killed an orc wizard
  3264 | D        | Killed an orc priest
  3268 | D        | Killed an orc knight
  3345 | D        | Noticed an orc warrior
  3345 | D        | Noticed an orc warrior
  3345 | D        | Noticed an orc warrior
  3345 | D        | Noticed an orc warrior
  3345 | D        | Noticed an orc warrior
  3345 | D        | Noticed an orc knight
  3345 | D        | Noticed an orc warrior
  3346 | D        | Noticed an orc knight
  3347 | D        | Killed an orc warrior
  3348 | D        | Noticed an orc warrior
  3349 | D        | Killed an orc warrior
  3350 | D        | Noticed an orc warrior
  3351 | D        | Killed an orc warrior
  3355 | D        | Killed an orc warrior
  3356 | D        | Noticed an orc warrior
  3356 | D        | Killed an orc warrior
  3366 | D        | Killed an orc knight
  3366 | D        | Reached skill level 10 in Charms
  3368 | D        | Killed an orc warrior
  3372 | D        | Killed an orc knight
  3372 | D        | Received a gift from Sif Muna
  3374 | D        | Killed an orc warrior
  3375 | D        | Identified Sif Muna's Volume of Enchantment (Sif Muna gifted it to you in the Dungeon)
  3378 | D        | Killed an orc warrior
  3380 | D        | Killed an orc warrior
  3411 | D        | Noticed an orc knight
  3424 | D        | Killed an orc knight
  3458 | D        | Found Scheucoxo's Antique Armour Emporium.
  3458 | D        | Noticed an orc high priest
  3458 | D        | Noticed an orc knight
  3458 | D        | Noticed an orc high priest
  3458 | D        | Noticed an orc knight
  3458 | D        | Noticed an orc knight
  3458 | D        | Noticed an orc knight
  3460 | D        | Found Ifumiud's Antique Weapon Shoppe.
  3464 | D        | Killed an orc high priest
  3465 | D        | Noticed an orc knight
  3472 | D        | Killed an orc high priest
  3480 | D        | Killed an orc knight
  3484 | D        | Killed an orc knight
  3486 | D        | Found Camyrah's Antique Weapon Emporium.
  3487 | D        | Killed an orc knight
  3487 | D        | Received a gift from Sif Muna
  3489 | D        | Noticed an orc high priest
  3493 | D        | Killed an orc knight
  3494 | D        | Found Ohigh's Gadget Shoppe.
  3496 | D        | Noticed an orc high priest
  3513 | D        | Killed an orc high priest
  3513 | D        | Reached skill level 15 in Dodging
  3567 | D        | Killed an orc high priest
  3570 | D        | Noticed an orc high priest
  3575 | D        | Killed an orc knight
  3581 | D        | Noticed an orc knight
  3582 | D        | Noticed an orc high priest
  3584 | D        | Noticed an orc high priest
  3585 | D        | Noticed an ice devil
  3585 | D        | Killed an orc high priest
  3585 | D        | Reached skill level 20 in Spellcasting
  3585 | D        | Reached XP level 12. HP: 37/51 MP: 30/39
  3654 | D        | Killed an orc knight
  3681 | D        | Killed an orc high priest
  3681 | D        | Received a gift from Sif Muna
  3851 | D        | Killed an orc high priest
  3922 | D        | Bought a fan of gales for 400 gold pieces
  3922 | D        | Bought a disc of storms for 200 gold pieces
  3922 | D        | Bought a sack of spiders for 200 gold pieces
  3922 | D        | Bought a fan of gales for 400 gold pieces
  3965 | D        | Noticed Maurice
  3982 | D        | Killed Maurice
  4095 | D        | Learned a level 8 spell: Discord
  4101 | D        | Learned a level 5 spell: Summon Mana Viper
  4109 | D        | Learned a level 5 spell: Metabolic Englaciation
  4110 | D        | Noticed a centaur
  4110 | D        | Noticed an octopode
  4110 | D        | Noticed a gargoyle
  4110 | D        | Noticed a tengu conjurer
  4110 | D        | Noticed a centaur warrior
  4111 | D        | Noticed a wyvern
  4111 | D        | Noticed a trapdoor spider
  4112 | D        | Killed a centaur
  4113 | D        | Noticed a jumping spider
  4114 | D        | Killed an octopode
  4114 | D        | Reached skill level 1 in Fighting
  4115 | D        | Noticed a yaktaur
  4117 | D        | Killed a tengu conjurer
  4118 | D        | Killed a yaktaur
  4119 | D        | Killed a jumping spider
  4119 | D        | Killed a wyvern
  4121 | D        | Killed a trapdoor spider
  4123 | D        | Killed a giant orange brain
  4127 | D        | Killed a centaur warrior
  4134 | D        | Noticed a rakshasa
  4181 | D        | Killed a rakshasa
  4184 | D        | Noticed a rakshasa
  4185 | D        | Killed a gargoyle
  4197 | D        | Killed a rakshasa
  4238 | D        | Noticed a rakshasa
  4405 | D        | Killed a rakshasa
  4457 | D        | Noticed an ogre mage
  4473 | D        | Killed an ogre mage
  4473 | D        | Received a gift from Sif Muna
  4480 | D        | Identified Sif Muna's Almanac of Execration (Sif Muna gifted it to you in the Dungeon)
  4614 | D        | Noticed a manticore
  4615 | D        | Noticed a red ugly thing
  4622 | D        | Killed a manticore
  4624 | D        | Killed a red ugly thing
  4656 | D        | Learned a level 6 spell: Deflect Missiles
  4807 | D        | Noticed a black mamba
  4807 | D        | Noticed a naga mage
  4807 | D        | Noticed a naga
  4807 | D        | Noticed an anaconda
  4807 | D        | Noticed a naga sharpshooter
  4807 | D        | Noticed a naga
  4807 | D        | Noticed a mana viper
  4808 | D        | Noticed a salamander
  4809 | D        | Killed a black mamba
  4810 | D        | Killed a naga
  4812 | D        | Killed a naga
  4813 | D        | Noticed a black mamba
  4813 | D        | Killed a naga mage
  4814 | D        | Killed an anaconda
  4814 | D        | Reached skill level 21 in Spellcasting
  4817 | D        | Killed a mana viper
  4819 | D        | Killed a naga sharpshooter
  4839 | D        | Killed a salamander
  4844 | D        | Killed a black mamba
  4961 | D        | Noticed an eight-headed hydra
  4961 | D        | Noticed a shambling mangrove
  4961 | D        | Noticed a four-headed hydra
  4961 | D        | Noticed a swamp dragon
  4961 | D        | Noticed a water moccasin
  4961 | D        | Noticed a water moccasin
  4961 | D        | Noticed a spriggan rider
  4963 | D        | Received a gift from Sif Muna
  4963 | D        | Killed a shambling mangrove
  4963 | D        | Killed a water moccasin
  4963 | D        | Killed a swamp dragon
  4964 | D        | Noticed a shadow
  4964 | D        | Killed a water moccasin
  4965 | D        | Killed a four-headed hydra
  4965 | D        | Reached skill level 22 in Spellcasting
  4969 | D        | Noticed a raven
  4969 | D        | Killed a spriggan rider
  4969 | D        | Killed a yellow wasp
  4969 | D        | Killed a shadow
  4970 | D        | Killed a raven
  4980 | D        | Killed an eight-headed hydra
  5034 | D        | Noticed a tarantella
  5034 | D        | Noticed a redback
  5034 | D        | Noticed a jumping spider
  5034 | D        | Noticed a jumping spider
  5034 | D        | Noticed a demonic crawler
  5034 | D        | Noticed a red wasp
  5035 | D        | Noticed a demonic crawler
  5036 | D        | Noticed a trapdoor spider
  5038 | D        | Killed a redback
  5040 | D        | Killed a tarantella
  5042 | D        | Killed a demonic crawler
  5044 | D        | Killed a trapdoor spider
  5046 | D        | Killed a jumping spider
  5048 | D        | Noticed a yellow wasp
  5056 | D        | Killed a red wasp
  5098 | D        | Killed a demonic crawler
  5102 | D        | Killed a jumping spider
  5119 | D        | Killed a yellow wasp
  5177 | D        | Learned a level 5 spell: Phase Shift
  5177 | D        | Noticed a harpy
  5177 | D        | Noticed a sea snake
  5177 | D        | Noticed a water nymph
  5177 | D        | Noticed a snapping turtle
  5177 | D        | Noticed a water nymph
  5177 | D        | Noticed a sea snake
  5177 | D        | Noticed a manticore
  5178 | D        | Noticed a harpy
  5179 | D        | Killed a harpy
  5179 | D        | Received a gift from Sif Muna
  5179 | D        | Reached skill level 23 in Spellcasting
  5179 | D        | Reached skill level 1 in Translocations
  5181 | D        | Killed a manticore
  5181 | D        | Killed a water nymph
  5183 | D        | Killed a manticore
  5185 | D        | Killed a harpy
  5185 | D        | Reached XP level 13. HP: 60/60 MP: 29/41
  5189 | D        | Killed a sea snake
  5190 | D        | Identified Sif Muna's Disquisition on Protection and Darkness (Sif Muna gifted it to you in the Dungeon)
  5190 | D        | Killed a snapping turtle
  5191 | D        | Killed a water nymph
  5193 | D        | Killed a sea snake
  5280 | D        | Noticed Mennas
  6644 | D        | Noticed Nikola
  6658 | D        | HP: 2/60 [Nikola/chain lightning (12)]
  7015 | D        | Killed Nikola
  7015 | D        | Received a gift from Sif Muna
  7015 | D        | Reached skill level 24 in Spellcasting
  7016 | D        | Identified Sif Muna's Handbook of Augmentations (Sif Muna gifted it to you in the Dungeon)
  7022 | D        | Learned a level 3 spell: Regeneration
  7200 | D        | Noticed a deep troll shaman
  7200 | D        | Noticed a stone giant
  7200 | D        | Noticed a red ugly thing
  7200 | D        | Noticed a yaktaur
  7200 | D        | Noticed a yaktaur captain
  7200 | D        | Noticed an ice dragon
  7200 | D        | Noticed a frost giant
  7201 | D        | Noticed a tentacled monstrosity
  7202 | D        | Killed a deep troll shaman
  7203 | D        | Noticed a yaktaur captain
  7204 | D        | Killed a stone giant
  7205 | D        | Noticed a fire giant
  7206 | D        | Killed a red ugly thing
  7207 | D        | Noticed a tentacled monstrosity
  7208 | D        | Killed a yaktaur
  7213 | D        | Killed a frost giant
  7214 | D        | Killed a fire giant
  7219 | D        | Killed a tentacled monstrosity
  7220 | D        | Killed a yaktaur captain
  7223 | D        | Killed an ice dragon
  7251 | D        | Killed a yaktaur captain
  7519 | D        | HP: 3/60 [tentacled monstrosity (14)]
  7519 | D        | Mangled by a tentacled monstrosity

Action                   |  1- 3 |  4- 6 |  7- 9 | 10-12 | 13-15 || total
-------------------------+-------+-------+-------+-------+-------++-------
Melee: Dagger            |    33 |     4 |       |       |       ||    37
       Cutlass           |       |     2 |    23 |   123 |       ||   148
       Quick blade       |       |       |       |    37 |    42 ||    79
 Cast: Confuse           |     3 |     1 |    11 |    72 |     7 ||    94
       Ensorcelled Hiber |     2 |       |    15 |    13 |       ||    30
       Sure Blade        |       |     1 |     4 |     2 |     1 ||     8
       Dazzling Spray    |       |       |    10 |    27 |    65 ||   102
       Mass Confusion    |       |       |       |     8 |       ||     8
       Enslavement       |       |       |       |     3 |       ||     3
       Repel Missiles    |       |       |       |     1 |       ||     1
       Shroud of Golubri |       |       |       |     7 |     2 ||     9
       Haste             |       |       |       |     2 |     4 ||     6
       Summon Mana Viper |       |       |       |     7 |     2 ||     9
       Discord           |       |       |       |     5 |     1 ||     6
       Deflect Missiles  |       |       |       |     1 |       ||     1
       Phase Shift       |       |       |       |       |     6 ||     6
       Metabolic Englaci |       |       |       |       |     3 ||     3
       Regeneration      |       |       |       |       |     1 ||     1
Invok: Forget Spell      |       |       |       |     3 |       ||     3
       Channel Energy    |       |       |       |       |    28 ||    28
Evoke: Wand              |       |     2 |       |     8 |    15 ||    25
       Fan of gales      |       |       |       |     1 |     1 ||     2
  Use: Potion            |     1 |       |       |     1 |     2 ||     4
       Scroll            |       |     1 |       |     6 |     3 ||    10
 Stab: Sleeping          |     1 |       |     9 |    19 |     4 ||    33
       Confused          |       |       |     4 |    34 |     5 ||    43
       Invisible         |       |       |     1 |     6 |     1 ||     8
  Eat: Fruit             |       |       |       |     9 |     6 ||    15
